 Dungeon Crawl Stone Soup version 0.22.0-60-ga52c2fc (webtiles) character file.

279407 marrkus the Blocker (level 20, 0/160 HPs)
             Began as a Gnoll Fighter on Sept 9, 2018.
             Was a High Priest of Elyvilon.
             Killed from afar by a frost giant (23 damage)
             ... with a bolt of cold
             ... on level 3 of the Vaults on Sept 10, 2018.
             The game lasted 05:51:54 (55845 turns).

marrkus the Blocker (Gnoll Fighter)                Turns: 55845, Time: 05:51:55

Health: 0/160      AC: 25    Str: 24    XL:     20   Next: 45%
Magic:  0/37       EV: 20    Int: 19    God:    Elyvilon [*****.]
Gold:   3566       SH:  9    Dex: 27    Spells: 12/45 levels left

rFire    + . .     SeeInvis .   M - +12 long sword of Dismemberment {flame, rElec rPois Dex+2 Stlth+}
rCold    . . .     Gourm    .   q - +0 buckler of Levity {rElec Int+7}
rNeg     . . .     Faith    .   T - +7 chain mail "Jiyfaaqy" {rCorr Int-3 Dex+3 Slay+4}
rPois    +         Spirit   +   y - +1 hat
rElec    +         Reflect  .   m - scarf {Spirit}
rCorr    +         Harm     .   p - +1 pair of gloves {archery}
MR       +....                  E - +0 pair of boots
Stlth    ++++......             P - amulet of rage
HPRegen  0.36/turn              W - +4 ring of strength
MPRegen  0.25/turn              X - ring of the Pariah {rF+ Int+4}

@: no status effects
A: distributed training, antennae 1, fangs 1, strong nose
}: 2/15 runes: decaying, serpentine
a: Lesser Healing, Heal Other, Purification, Greater Healing, Divine Vigour,
Divine Protection, Renounce Religion, Evoke Berserk Rage


You were on level 3 of the Vaults.
You worshipped Elyvilon.
Elyvilon was extremely pleased with you.
You were not hungry.

You visited 6 branches of the dungeon, and saw 35 of its levels.
You also visited: Labyrinth and Ossuary.

You collected 3566 gold pieces.

Inventory:

Hand Weapons
 o - a +7 long sword of holy wrath
 J - a +1 long sword of freezing
 M - the +12 long sword of Dismemberment (weapon) {flame, rElec rPois Dex+2 Stlth+}
   (You found it on level 3 of the Swamp)

   It has been specially enchanted to burn those struck by it, causing extra
   injury to most foes and up to half again as much damage against particularly
   susceptible opponents.
   Big, fiery blades are also staple armaments of hydra-hunters.
   It affects your dexterity (+2).
   It insulates you from electricity.
   It protects you from poison.
   It makes you more stealthy.
Missiles
 t - 2 throwing nets (quivered)
 B - 15 javelins
Armour
 m - a scarf of spirit shield (worn)
 p - a +1 pair of gloves of archery (worn)
 q - the +0 buckler of Levity (worn) {rElec Int+7}
   (You found it on level 3 of the Lair of Beasts)

   It affects your intelligence (+7).
   It insulates you from electricity.
 y - a +1 hat (worn)
 E - a +0 pair of boots (worn)
 T - the +7 chain mail "Jiyfaaqy" (worn) {rCorr Int-3 Dex+3 Slay+4}
   (You found it on level 8 of the Dungeon)

   It affects your intelligence (-3).
   It affects your dexterity (+3).
   It affects your accuracy and damage with ranged weapons and melee attacks
   (+4).
   It provides partial protection from all sources of acid and corrosion.
 Y - +0 ice dragon scales
Jewellery
 l - an uncursed ring of flight
 O - an uncursed ring of positive energy
 P - an amulet of rage (around neck)
 W - a +4 ring of strength (left hand)
 X - the ring of the Pariah (right hand) {rF+ Int+4}
   (You found it on level 2 of the Vaults)

   [ring of protection from fire]

   It affects your intelligence (+4).
   It protects you from fire.
Wands
 b - a wand of iceblast (5)
 i - a wand of flame (11)
 w - a wand of acid (25)
 x - a wand of digging (76)
 G - a wand of enslavement (34)
 I - a wand of polymorph (26)
 Q - a wand of paralysis (9)
Scrolls
 c - a scroll of enchant weapon
 d - 16 scrolls of teleportation
 e - 6 scrolls of fear
 g - 2 scrolls of magic mapping
 u - a scroll of amnesia
 v - 3 scrolls of holy word
 A - 2 scrolls of blinking
 D - 14 scrolls of remove curse
 F - a scroll of vulnerability
 H - 6 scrolls of fog
 R - a scroll of summoning
 S - 6 scrolls of identify
 U - a scroll of enchant armour
Potions
 a - a potion of magic
 j - 3 potions of might
 n - 6 potions of agility
 s - 13 potions of curing
 L - 9 potions of heal wounds
 N - a potion of resistance
 V - 4 potions of haste
 Z - a potion of invisibility
Miscellaneous
 z - a crystal ball of energy
 K - a lightning rod (4/4)
Comestibles
 f - 51 rations
 h - 5 chunks of flesh


   Skills:
 + Level 14.4 Fighting
 + Level 13.2 Short Blades
 + Level 13.8 Long Blades
 + Level 13.2 Axes
 + Level 13.2 Maces & Flails
 + Level 13.2 Polearms
 + Level 13.2 Staves
 + Level 13.2 Slings
 + Level 13.2 Bows
 + Level 13.2 Crossbows
 + Level 13.2 Throwing
 + Level 14.4 Armour
 + Level 13.2 Dodging
 + Level 13.2 Stealth
 + Level 14.4 Shields
 + Level 13.2 Unarmed Combat
 + Level 13.2 Spellcasting
 + Level 11.3 Conjurations
 + Level 11.3 Hexes
 + Level 11.3 Charms
 + Level 11.3 Summonings
 + Level 11.3 Necromancy
 + Level 11.3 Translocations
 + Level 11.3 Transmutations
 + Level 11.3 Fire Magic
 + Level 11.3 Ice Magic
 + Level 11.3 Air Magic
 + Level 11.3 Earth Magic
 + Level 11.3 Poison Magic
 + Level 14.2 Invocations
 + Level 13.2 Evocations


You had 12 spell levels left.
You knew the following spells:

 Your Spells              Type           Power        Failure   Level  Hunger
a - Passwall              Tmut/Erth      ######..     1%          2    None
b - Cause Fear            Hex            ######....   1%          4    None
c - Static Discharge      Conj/Air       ######..     1%          3    None
d - Stone Arrow           Conj/Erth      ######       1%          3    None
e - Confuse               Hex            ######..     1%          3    None
f - Gell's Gravitas       Tloc           ######....   1%          3    None
g - Lesser Beckoning      Tloc           ######....   1%          3    None
h - Blink                 Tloc           N/A          1%          2    None
i - Lee's Rapid Deconstr  Erth           ######....   6%          5    ####...
j - Yara's Violent Unrav  Hex/Tmut       ######....   6%          5    ####...

Your spell library contained the following spells:

 Spells                   Type           Power        Failure   Level  Hunger
 Animate Skeleton         Necr           N/A          1%          1    None
 Apportation              Tloc           ######       1%          1    None
 Beastly Appendage        Tmut           ######       1%          1    None
 Confusing Touch          Hex            ######       1%          1    None
 Corona                   Hex            ######.      1%          1    None
 Flame Tongue             Conj/Fire      #####        1%          1    None
 Infusion                 Chrm           ####         1%          1    None
 Sandblast                Erth           ######       1%          1    None
 Summon Butterflies       Summ           ######..     1%          1    None
 Summon Small Mammal      Summ           ####         1%          1    None
 Corpse Rot               Necr           N/A          1%          2    None
 Shroud of Golubria       Chrm/Tloc      ######....   1%          2    None
 Slow                     Hex            ######..     1%          2    None
 Song of Slaying          Chrm           ######..     1%          2    None
 Sticks to Snakes         Tmut           ######..     1%          2    None
 Sublimation of Blood     Necr           ######....   1%          2    None
 Call Canine Familiar     Summ           ######..     1%          3    None
 Inner Flame              Hex/Fire       ######..     1%          3    None
 Portal Projectile        Hex/Tloc       ######       1%          3    None
 Regeneration             Chrm/Necr      ######....   1%          3    None
 Spectral Weapon          Hex/Chrm       ######..     1%          3    None
 Spider Form              Tmut/Pois      ######....   1%          3    None
 Teleport Other           Tloc           ######..     1%          3    None
 Ice Form                 Ice/Tmut       ######..     1%          4    None
 Leda's Liquefaction      Hex/Erth       ######....   1%          4    None
 Passage of Golubria      Tloc           N/A          1%          4    None
 Petrify                  Tmut/Erth      ######..     1%          4    None
 Summon Ice Beast         Ice/Summ       ######..     1%          4    None
 Agony                    Necr           ######..     6%          5    ####...
 Blade Hands              Tmut           ######....   6%          5    ####...
 Bolt of Draining         Conj/Necr      ######....   6%          5    ####...
 Bolt of Magma            Conj/Fire/Erth ######....   6%          5    ####...
 Dispel Undead            Necr           ######..     6%          5    ####...
 Excruciating Wounds      Chrm/Necr      ######....   6%          5    ####...
 Iskenderun's Battlesphe  Conj/Chrm      ######..     6%          5    ####...
 Lightning Bolt           Conj/Air       ######....   6%          5    ####...
 Metabolic Englaciation   Hex/Ice        ######....   6%          5    ####...
 Silence                  Hex/Air        ######....   6%          5    ####...
 Summon Mana Viper        Hex/Summ       ######..     6%          5    ####...
 Venom Bolt               Conj/Pois      ######....   6%          5    ####...
 Bolt of Fire             Conj/Fire      ######....   32%         6    #####..
 Deflect Missiles         Chrm/Air       ######....   32%         6    #####..
 Iron Shot                Conj/Erth      ######....   32%         6    #####..
 Statue Form              Tmut/Erth      ######...    32%         6    #####..
 Dragon Form              Tmut           ######....   87%         7    #######
 Orb of Destruction       Conj           ######....   87%         7    #######
 Spellforged Servitor     Conj/Summ      ######....   87%         7    #######
 Summon Hydra             Summ           ######....   87%         7    #######
 Discord                  Hex            ######....   100%        8    #######
 Ignition                 Fire           ######....   100%        8    #######
 Dragon's Call            Summ           ######....   100%        9    #######
 Shatter                  Erth           ######....   100%        9    #######
 Tornado                  Air            ######....   100%        9    #######


Dungeon Overview and Level Annotations

Branches:
Dungeon (15/15)            Temple (0/1) D:7            Lair (6/6) D:8
  Swamp (4/4) Lair:2        Snake (4/4) Lair:4        Slime (0/5) Lair:5
    Orc (2/2) D:11            Elf (0/3) Orc:2        Vaults (4/5) D:13
  Crypt (0/3) Vaults:2     Depths (0/5) D:15

Altars:
Ashenzari
Elyvilon
Nemelex Xobeh
Okawaru
Ru
Vehumet
Xom
Yredelemnul
Zin

Shops:
D:13 %   D:14 (   Orc:2 [!?%   Snake:4 (   Vaults:3 *([

Portals:
Pandemonium: Orc:2
Trove: D:13 (give +6 ice dragon scales)

Annotations:
D:10 2 transporters
D:12 1 exclusion
Lair:5 exclusion: oklob plant


Innate Abilities, Weirdness & Mutations

Your experience applies equally to all skills.
You have very sharp teeth.
Your uncanny sense of smell can sniff out nearby items.
You have a pair of small antennae on your head.


Message History

Aim: a frost giant, wielding a battleaxe of freezing (moderately wounded)
The puff of flame hits the frost giant.
The frost giant is heavily wounded.
The frost giant gestures at you while chanting.
The bolt of cold hits you!
* * * LOW HITPOINT WARNING * * *
You beseech Elyvilon to protect your life.
The frost giant gestures at you while chanting.
The bolt of cold misses you.
There is an open door here.
As you close the door, it creaks loudly!
A frost giant opens the door.
Some of the chunks of flesh in your inventory have rotted away.
There is an open door here.
You close the door.
A frost giant opens the door.
Your divine protection fades away.
The frost giant gestures at you while chanting.
The bolt of cold hits you!
You die...

#[###...##..#........##..##..)[!.
#(#.....#...#........##...#...#..
#(#.#...#...#........##...#......
..#.#...#...'........##...#######
###.#...##..#........##..########
#.#.#...###'###########C###......
#.#.#...##..# #..##......
..#.#...#...###########...#......
#########.....'.@...C.....#......
#.....#.....#.....'......
##########...###...###...##......
........###### ###'##############
....<...##########......#
........##......##......#
........##......##......#
........##......##......#
........##......##......#


You could see a frost giant.

Vanquished Creatures
  Saint Roka (Snake:3)
  Frances (D:13)
  4 thorn hunters
  Agnes (D:15)
  7 nagarajas
  2 fire giants
  2 vault wardens
  A deep elf sorcerer (Vaults:3)
  A frost giant (Vaults:1)
  13 ironheart preservers
  A very ugly thing (Swamp:3)
  A stone giant (Vaults:3)
  The ghost of poirepourri the Peltast, a journeyman DDFi of Makhleb (Swamp:1)
  Azrael (Orc:2)
  A deep elf demonologist (Vaults:2)
  A minotaur (Lab)
  An ettin (Vaults:3)
  3 fire dragons
  5 yaktaur captains
  Harold (Lair:1)
  2 rakshasas
  7 centaur warriors
  The ghost of Lew the Cleaver, a journeyman GrFi of Gozag (D:11)
  2 ice dragons
  The ghost of Starchild the Carver, a journeyman DrMo of Nemelex Xobeh (Lair:1)
  7 vault guards (D:13)
  5 hydras (Swamp:4)
  11 naga warriors
  2 catoblepae (Lair:6)
  Erica (Lair:1)
  A deep troll earth mage (Vaults:2)
  19 anacondas
  A death yak (Lair:6)
  21 two-headed ogres
  6 ogre magi
  8 alligators
  5 shock serpents
  A deep troll shaman (Vaults:2)
  4 orc high priests
  Urug (Lair:3)
  A spriggan berserker (Swamp:4)
  3 deep elf knights
  8 naga sharpshooters
  8 skeletal warriors
  4 deep trolls
  2 salamander mystics
  3 wizards
  2 sea snakes (Snake:2)
  3 unseen horrors
  2 deep elf archers
  A glowing orange brain (Vaults:2)
  A spriggan druid (Swamp:4)
  A storm dragon skeleton (Vaults:2)
  5 swamp dragons
  9 naga ritualists
  A harpy (shapeshifter) (D:13)
  2 gelid demonspawn (Orc:2)
  A glowing orange brain (shapeshifter) (Vaults:3)
  6 ironbrand convokers
  A spectral hydra (Lair:1)
  4 shambling mangroves
  14 orc knights
  A tengu skeleton (Vaults:2)
  An orb spider (shapeshifter) (Vaults:2)
  2 orc sorcerers (Orc:2)
  4 wolf spiders
  7 mana vipers (Snake:4)
  A cyclops (shapeshifter) (Vaults:2)
  18 ugly things
  5 deep elf magi
  A salamander (shapeshifter) (Vaults:3)
  9 elephants (Lair:3)
  2 cyclopes
  A sphinx skeleton (Vaults:2)
  4 oklob plants (Lair:3)
  14 salamanders
  A stone giant skeleton (Vaults:2)
  28 black mambas
  A frost giant skeleton (Vaults:2)
  A spectral centaur (D:11)
  3 human skeletons (Vaults:2)
  9 vault sentinels
  A moth of wrath (shapeshifter) (Vaults:1)
  13 guardian serpents
  11 naga magi
  2 fire giant skeletons (Vaults:2)
  4 centaur skeletons
  15 spiny frogs
  2 rime drakes
  3 gargoyles
  4 freezing wraiths
  An efreet (D:14)
  15 yaktaurs
  9 komodo dragons
  A red devil (Orc:2)
  2 hellwings (Orc:2)
  A minotaur skeleton (Lab)
  3 tengu conjurers (D:15)
  9 trolls
  A wind drake (shapeshifter) (Vaults:3)
  A tengu simulacrum (Vaults:2)
  Grinder (D:4)
  3 tyrant leeches
  15 bog bodies
  18 blink frogs
  17 hornets
  16 slime creatures
  A stone giant simulacrum (Vaults:2)
  6 dream sheep (Lair:6)
  6 hippogriffs
  A meliai zombie (D:13)
  2 centaur simulacra (D:11)
  3 shadows
  5 spriggans
  3 wyverns
  Sigmund (D:2)
  A vampire (D:14)
  A wraith (D:12)
  6 basilisks
  A neqoxec (Orc:2)
  A steam dragon (D:13)
  6 fire elementals
  47 yaks
  5 hungry ghosts
  A golden eye (shapeshifter) (Vaults:1)
  14 vampire mosquitoes
  A chaos spawn (Orc:2)
  5 wargs
  Menkaure (D:4)
  6 insubstantial wisps
  22 swamp worms
  A soldier ant (shapeshifter) (Vaults:3)
  An acid dragon (D:14)
  35 nagas
  A hydra simulacrum (Lair:1)
  23 water moccasins
  9 porcupines
  A floating eye (shapeshifter) (Vaults:1)
  51 orc warriors
  3 ice beasts
  8 sky beasts
  A black bear (shapeshifter) (Vaults:1)
  14 swamp drakes
  3 black bears (D:8)
  4 boggarts (Vaults:2)
  24 ogres
  4 phantoms
  10 centaurs
  21 wolves
  3 orc skeletons (Vaults:2)
  11 crocodiles
  4 elf zombies (Ossuary)
  21 bullfrogs
  2 big kobolds
  5 scorpions
  A water moccasin skeleton (D:8)
  5 killer bees (D:10)
  An elf simulacrum (Vaults:2)
  18 wights
  4 howler monkeys
  8 electric eels
  2 spectral bullfrogs (D:11)
  6 crimson imps
  2 bullfrog zombies
  9 centaur zombies
  2 komodo dragon simulacra (Lair:1)
  2 quasits
  4 human zombies (Ossuary)
  A bullfrog skeleton (D:12)
  9 hounds
  4 jellies
  A gnoll shaman (D:11)
  27 orc priests
  4 iguanas
  29 orc wizards
  Terence (D:2)
  Ijyb (D:4)
  6 worker ants
  A bullfrog simulacrum (D:11)
  2 hound zombies
  A hound skeleton (D:9)
  3 mummies (Ossuary)
  14 adders
  7 gnolls
  2 shadow imps
  3 adder skeletons
  5 worms
  A dart slug (D:1)
  6 leopard geckos
  120 orcs
  3 ball pythons
  7 giant cockroaches
  5 goblins
  2 hobgoblins
  9 jackals
  16 kobolds
  A quokka (D:7)
  9 bats
  5 frilled lizards
  2 gnoll zombies (D:3)
  A quokka zombie (D:6)
  8 rats
  2 fungi
1306 creatures vanquished.

Vanquished Creatures (others)
  A thorn hunter (Swamp:4)
  A nagaraja (Snake:4)
  A hydra (Swamp:4)
  A naga warrior (Snake:3)
  An orc high priest (Orc:2)
  2 naga sharpshooters (Snake:4)
  A death yak (Lair:6)
  A shadow wraith (Vaults:1)
  A spriggan druid (Swamp:4)
  3 ugly things
  A deep elf mage (Vaults:2)
  An orc sorcerer (Orc:2)
  A hornet (Swamp:4)
  3 bog bodies (Swamp:4)
  2 spriggans (Swamp:4)
  A basilisk (D:14)
  4 yaks (Lair:6)
  2 hungry ghosts (D:12)
  An insubstantial wisp (Swamp:2)
  6 swamp drakes (Swamp:4)
  2 orc warriors (Orc:2)
  An ogre (Vaults:4)
  An orc priest (Orc:2)
  An orc wizard (D:15)
  A worker ant (D:14)
  5 orcs
  7 briar patches
  3 fungi
  7 plants
63 creatures vanquished.

Grand Total: 1369 creatures vanquished

Notes
Turn   | Place    | Note
-------+----------+-------------------------------------------
     0 | D:1      | marrkus the Gnoll Fighter began the quest for the Orb.
     0 | D:1      | Reached XP level 1. HP: 23/23 MP: 1/1
   214 | D:1      | Reached XP level 2. HP: 29/29 MP: 2/2
   683 | D:2      | Reached XP level 3. HP: 34/35 MP: 3/3
   770 | D:2      | Found an iron altar of Okawaru.
   843 | D:2      | Noticed Sigmund
   859 | D:2      | Killed Sigmund
   859 | D:2      | Reached skill level 1 in Short Blades
   859 | D:2      | Reached skill level 1 in Axes
   859 | D:2      | Reached skill level 1 in Maces & Flails
   859 | D:2      | Reached skill level 1 in Polearms
   859 | D:2      | Reached skill level 1 in Staves
   859 | D:2      | Reached skill level 1 in Slings
   859 | D:2      | Reached skill level 1 in Bows
   859 | D:2      | Reached skill level 1 in Crossbows
   859 | D:2      | Reached skill level 1 in Throwing
   859 | D:2      | Reached skill level 1 in Dodging
   859 | D:2      | Reached skill level 1 in Stealth
   859 | D:2      | Reached skill level 1 in Unarmed Combat
   859 | D:2      | Reached skill level 1 in Spellcasting
   859 | D:2      | Reached skill level 1 in Conjurations
   859 | D:2      | Reached skill level 1 in Hexes
   859 | D:2      | Reached skill level 1 in Charms
   859 | D:2      | Reached skill level 1 in Summonings
   859 | D:2      | Reached skill level 1 in Necromancy
   859 | D:2      | Reached skill level 1 in Translocations
   859 | D:2      | Reached skill level 1 in Transmutations
   859 | D:2      | Reached skill level 1 in Fire Magic
   859 | D:2      | Reached skill level 1 in Ice Magic
   859 | D:2      | Reached skill level 1 in Air Magic
   859 | D:2      | Reached skill level 1 in Earth Magic
   859 | D:2      | Reached skill level 1 in Poison Magic
   859 | D:2      | Reached skill level 1 in Invocations
   859 | D:2      | Reached skill level 1 in Evocations
   859 | D:2      | Reached XP level 4. HP: 33/41 MP: 3/6
   859 | D:2      | Reached XP level 5. HP: 38/47 MP: 3/7
  1059 | D:2      | Noticed Terence
  1079 | D:2      | Killed Terence
  1152 | D:3      | Reached XP level 6. HP: 53/53 MP: 8/8
  1333 | D:3      | Found a white marble altar of Elyvilon.
  1341 | D:3      | Became a worshipper of Elyvilon the Healer
  1581 | D:3      | Found a basalt altar of Yredelemnul.
  1657 | D:3      | Found a glowing silver altar of Zin.
  2103 | D:4      | Reached skill level 5 in Long Blades
  2163 | D:4      | Noticed Grinder
  2168 | D:4      | Paralysed by Grinder for 4 turns
  2181 | D:4      | Killed Grinder
  2181 | D:4      | Reached XP level 7. HP: 47/60 MP: 8/10
  2558 | D:4      | Reached * piety under Elyvilon
  2628 | D:4      | Noticed Ijyb
  2638 | D:4      | Killed Ijyb
  2677 | D:4      | Noticed Menkaure
  2693 | D:4      | Killed Menkaure
  3221 | D:5      | Entered Level 5 of the Dungeon
  3237 | D:5      | Reached XP level 8. HP: 64/67 MP: 12/12
  3435 | D:5      | Reached ** piety under Elyvilon
  4435 | D:6      | Was placed under penance by Elyvilon
  5220 | D:6      | Reached XP level 9. HP: 72/72 MP: 14/14
  5284 | D:7      | Was forgiven by Elyvilon
  5340 | D:7      | Found a sacrificial altar of Ru.
  5565 | D:7      | Got a polished mace
  5566 | D:7      | Identified the +9 mace of Annoyance {drain, *Contam +Rage
                  | +Inv Str+7} (You found it on level 7 of the Dungeon)
  5584 | D:7      | Gained mutation: You have a pair of small antennae on your
                  | head. [mutagenic glow]
  5667 | D:7      | Found a staircase to the Ecumenical Temple.
  5672 | D:7      | Noticed a two-headed ogre
  5747 | D:7      | a two-headed ogre changed into a swamp worm
  5761 | D:7      | Elyvilon protects you from harm!
  6491 | D:7      | Reached *** piety under Elyvilon
  6746 | D:8      | Found a staircase to the Lair.
  7120 | D:8      | Reached skill level 5 in Invocations
  7201 | D:8      | Found a sand-covered staircase.
  7207 | D:8      | Got a distressingly furry chain mail
  7218 | D:8      | Identified the +7 chain mail "Jiyfaaqy" {rCorr Int-3 Dex+3
                  | Slay+4} (You found it on level 8 of the Dungeon)
  7220 | Ossuary  | Entered an ossuary
  7344 | Ossuary  | Reached XP level 10. HP: 75/80 MP: 15/17
  7628 | D:8      | Reached skill level 5 in Short Blades
  7628 | D:8      | Reached skill level 5 in Axes
  7628 | D:8      | Reached skill level 5 in Maces & Flails
  7628 | D:8      | Reached skill level 5 in Polearms
  7628 | D:8      | Reached skill level 5 in Staves
  7628 | D:8      | Reached skill level 5 in Slings
  7628 | D:8      | Reached skill level 5 in Bows
  7628 | D:8      | Reached skill level 5 in Crossbows
  7628 | D:8      | Reached skill level 5 in Throwing
  7628 | D:8      | Reached skill level 5 in Dodging
  7628 | D:8      | Reached skill level 5 in Stealth
  7628 | D:8      | Reached skill level 5 in Unarmed Combat
  7628 | D:8      | Reached skill level 5 in Spellcasting
  7628 | D:8      | Reached skill level 5 in Evocations
  8532 | D:9      | Reached **** piety under Elyvilon
  8545 | D:9      | Found a shattered altar of Ashenzari.
  8723 | D:9      | Found a shimmering altar of Xom.
  8723 | D:9      | Found a shimmering altar of Xom.
  8861 | D:9      | Found a shimmering altar of Xom.
  8861 | D:9      | Found a shimmering altar of Xom.
  8861 | D:9      | Found a shimmering altar of Xom.
  8862 | D:9      | Found a shimmering altar of Xom.
  8862 | D:9      | Found a shimmering altar of Xom.
  9223 | D:10     | Entered Level 10 of the Dungeon
  9236 | D:10     | Found a transporter.
  9272 | D:10     | Reached XP level 11. HP: 77/87 MP: 19/19
  9618 | D:10     | Found a transporter.
  9727 | D:10     | Reached skill level 5 in Conjurations
  9727 | D:10     | Reached skill level 5 in Hexes
  9727 | D:10     | Reached skill level 5 in Charms
  9727 | D:10     | Reached skill level 5 in Summonings
  9727 | D:10     | Reached skill level 5 in Necromancy
  9727 | D:10     | Reached skill level 5 in Translocations
  9727 | D:10     | Reached skill level 5 in Transmutations
  9727 | D:10     | Reached skill level 5 in Fire Magic
  9727 | D:10     | Reached skill level 5 in Ice Magic
  9727 | D:10     | Reached skill level 5 in Air Magic
  9727 | D:10     | Reached skill level 5 in Earth Magic
  9727 | D:10     | Reached skill level 5 in Poison Magic
 10599 | D:11     | Killed an unseen horror
 10602 | D:11     | Noticed a white ugly thing
 10661 | D:11     | Noticed a six-headed hydra
 10999 | Lair:1   | Entered Level 1 of the Lair of Beasts
 10999 | Lair:1   | Reached ***** piety under Elyvilon
 12021 | Lair:1   | Noticed Erica
 12063 | Lair:1   | Killed Erica
 12328 | Lair:1   | Noticed Harold
 12789 | Lair:1   | Killed Harold
 12789 | Lair:1   | Reached XP level 12. HP: 87/96 MP: 22/22
 12878 | Lair:1   | Found a runed gate.
 12878 | Lair:1   | Found a runed gate.
 12878 | Lair:1   | Found a runed gate.
 12906 | Lair:1   | Noticed Starchild's ghost (journeyman DrMo)
 13552 | Lair:2   | Found a staircase to the Swamp.
 14366 | Lair:3   | Noticed a four-headed hydra
 14370 | Lair:3   | Pacified a four-headed hydra
 14671 | Lair:3   | Noticed Urug
 14694 | Lair:3   | Killed Urug
 15606 | Lair:3   | Reached skill level 10 in Fighting
 15606 | Lair:3   | Reached skill level 10 in Armour
 15606 | Lair:3   | Reached skill level 10 in Shields
 16260 | Lair:4   | Reached XP level 13. HP: 103/103 MP: 24/24
 16489 | Lair:4   | Found a staircase to the Snake Pit.
 17125 | Lair:5   | Found a staircase to the Slime Pits.
 17193 | Lair:5   | Reached ****** piety under Elyvilon
 18217 | Lair:6   | Entered Level 6 of the Lair of Beasts
 18355 | Lair:6   | Found a labyrinth entrance.
 18379 | Lab      | Entered a labyrinth
 19385 | Lab      | Noticed a minotaur
 19399 | Lab      | Killed a minotaur
 19412 | Lab      | Got a bloodstained scale mail
 19440 | Lab      | Identified the +0 scale mail of the Teacher {-Tele Dex+8
                  | Slay+2} (You found it in a labyrinth)
 19875 | Lair:6   | Reached XP level 14. HP: 94/111 MP: 22/26
 20756 | Lair:6   | Reached skill level 10 in Long Blades
 21313 | D:11     | Found a staircase to the Orcish Mines.
 21600 | D:11     | Found a runed gate.
 21600 | D:11     | Found a runed gate.
 21601 | D:11     | Found a runed gate.
 21602 | D:11     | Noticed Lew's ghost (journeyman GrFi)
 21622 | D:11     | Learned a level 2 spell: Passwall
 22790 | D:12     | Reached skill level 10 in Invocations
 22792 | D:12     | Got an encrusted plate armour
 22793 | D:12     | Identified the cursed +0 plate armour of Indemnity {rC+
                  | MR++ Stlth+} (You found it on level 12 of the Dungeon)
 22933 | Orc:1    | Entered Level 1 of the Orcish Mines
 24264 | Orc:2    | Entered Level 2 of the Orcish Mines
 24387 | Orc:2    | Found a staircase to the Elven Halls.
 24565 | Orc:2    | Noticed Azrael
 24868 | Orc:2    | Found Xibebb's Food Emporium.
 25113 | Orc:2    | Killed Azrael
 25203 | Orc:2    | Found Giemevvyon's Magic Scroll Shoppe.
 25271 | Orc:2    | Found Himousse's Distillery.
 25858 | Orc:2    | Reached XP level 15. HP: 76/119 MP: 19/28
 26527 | Orc:2    | Found Tiacsea's Book Shop.
 26527 | Orc:2    | Found a one-way gate leading to the halls of Pandemonium.
 26527 | Orc:2    | Found Tilamoca's Antique Armour Boutique.
 27070 | D:13     | Found a gate to the Vaults.
 27178 | D:13     | Found Leweupon's Food Shop.
 27206 | D:13     | Found a shimmering altar of Xom.
 27274 | D:13     | Noticed Frances
 27292 | D:13     | Killed Frances
 28260 | D:13     | Found a portal to a secret trove of treasure.
 28282 | D:13     | Reached skill level 10 in Short Blades
 28282 | D:13     | Reached skill level 10 in Axes
 28282 | D:13     | Reached skill level 10 in Maces & Flails
 28282 | D:13     | Reached skill level 10 in Polearms
 28282 | D:13     | Reached skill level 10 in Staves
 28282 | D:13     | Reached skill level 10 in Slings
 28282 | D:13     | Reached skill level 10 in Bows
 28282 | D:13     | Reached skill level 10 in Crossbows
 28282 | D:13     | Reached skill level 10 in Throwing
 28282 | D:13     | Reached skill level 10 in Dodging
 28282 | D:13     | Reached skill level 10 in Stealth
 28282 | D:13     | Reached skill level 10 in Unarmed Combat
 28282 | D:13     | Reached skill level 10 in Spellcasting
 28282 | D:13     | Reached skill level 10 in Evocations
 28412 | D:14     | Found Huorchikk's Weapon Shoppe.
 28640 | D:14     | Got a distressingly furry ring mail
 29653 | D:15     | Entered Level 15 of the Dungeon
 29921 | D:15     | Identified the +1 ring mail "Qestafam" {Regen+ MP+9 Dex+4}
                  | (You found it on level 14 of the Dungeon)
 30010 | D:15     | Noticed a fire giant
 30157 | D:15     | Found a staircase to the Depths.
 30198 | D:15     | Killed a fire giant
 30417 | D:15     | Noticed Agnes
 30425 | D:15     | Killed Agnes
 30747 | D:15     | Reached XP level 16. HP: 123/127 MP: 28/30
 30757 | D:15     | Found a sparkling altar of Nemelex Xobeh.
 31721 | Lair:3   | Got a fine buckler
 31747 | Lair:3   | Identified the +0 buckler of Levity {rElec Int+7} (You
                  | found it on level 3 of the Lair of Beasts)
 32045 | Swamp:1  | Entered Level 1 of the Swamp
 32355 | Lair:1   | Killed Starchild's ghost
 32452 | Lair:1   | Learned a level 4 spell: Cause Fear
 32456 | Lair:1   | Learned a level 3 spell: Static Discharge
 32460 | Lair:1   | Learned a level 3 spell: Stone Arrow
 33004 | Swamp:1  | Found a runed door.
 33005 | Swamp:1  | Noticed poirepourri's ghost (journeyman DDFi)
 33335 | Swamp:1  | Killed poirepourri's ghost
 33343 | Swamp:1  | Learned a level 3 spell: Confuse
 33347 | Swamp:1  | Learned a level 3 spell: Gell's Gravitas
 33839 | Swamp:2  | Paralysed by a hornet for 2 turns
 34778 | Swamp:2  | Noticed a thorn hunter
 35196 | Swamp:2  | Killed a thorn hunter
 36357 | Swamp:3  | Noticed a thorn hunter
 36369 | Swamp:3  | Killed a thorn hunter
 36943 | Swamp:3  | Got a twisted long sword
 36944 | Swamp:3  | Identified the +12 long sword of Dismemberment {flame,
                  | rElec rPois Dex+2 Stlth+} (You found it on level 3 of the
                  | Swamp)
 37172 | Swamp:4  | Entered Level 4 of the Swamp
 37542 | Swamp:4  | HP: 3/129 [spriggan rider/spear (5)]
 38491 | Swamp:4  | Noticed a thorn hunter
 38811 | Swamp:4  | Killed a thorn hunter
 38865 | Swamp:4  | Reached XP level 17. HP: 76/135 MP: 23/32
 39624 | Swamp:4  | Got a decaying rune of Zot
 40398 | D:11     | Killed Lew's ghost
 40591 | Snake:1  | Entered Level 1 of the Snake Pit
 41362 | Snake:2  | Found a radiant altar of Vehumet.
 41725 | Snake:2  | Learned a level 3 spell: Lesser Beckoning
 41728 | Snake:2  | Learned a level 2 spell: Blink
 43062 | Snake:3  | Noticed Saint Roka
 43112 | Snake:3  | Killed Saint Roka
 44144 | Snake:3  | Found a shimmering altar of Xom.
 44157 | Snake:3  | Reached skill level 10 in Conjurations
 44157 | Snake:3  | Reached skill level 10 in Hexes
 44157 | Snake:3  | Reached skill level 10 in Charms
 44157 | Snake:3  | Reached skill level 10 in Summonings
 44157 | Snake:3  | Reached skill level 10 in Necromancy
 44157 | Snake:3  | Reached skill level 10 in Translocations
 44157 | Snake:3  | Reached skill level 10 in Transmutations
 44157 | Snake:3  | Reached skill level 10 in Fire Magic
 44157 | Snake:3  | Reached skill level 10 in Ice Magic
 44157 | Snake:3  | Reached skill level 10 in Air Magic
 44157 | Snake:3  | Reached skill level 10 in Earth Magic
 44157 | Snake:3  | Reached skill level 10 in Poison Magic
 44550 | Snake:4  | Entered Level 4 of the Snake Pit
 44634 | Snake:4  | Reached XP level 18. HP: 138/143 MP: 31/33
 47327 | Snake:4  | Found Giulikhleq's Weapon Shop.
 48069 | Snake:4  | Got a serpentine rune of Zot
 48393 | Vaults:1 | Entered Level 1 of the Vaults
 49177 | Vaults:1 | Reached XP level 19. HP: 115/151 MP: 26/35
 50094 | Vaults:1 | Paralysed by an ogre mage for 5 turns
 51065 | Vaults:2 | Noticed a Brimstone Fiend
 51676 | Vaults:2 | Found a staircase to the Crypt.
 52569 | Vaults:2 | Got a sparkling granite ring
 52571 | Vaults:2 | Identified the ring of the Pariah {rF+ Int+4} (You found it
                  | on level 2 of the Vaults)
 53714 | Vaults:3 | Reached XP level 20. HP: 149/159 MP: 34/36
 54618 | Vaults:3 | Found Cipyulep's Weapon Shoppe.
 54637 | Vaults:3 | Found Voeq Bimm's General Store.
 54648 | Vaults:3 | Found Assueh's Antique Armour Shoppe.
 55031 | Vaults:3 | Learned a level 5 spell: Lee's Rapid Deconstruction
 55037 | Vaults:3 | Learned a level 5 spell: Yara's Violent Unravelling
 55112 | Vaults:3 | You fall through a shaft!
 55845 | Vaults:3 | Killed from afar by a frost giant

Skill      XL: |  1  2  3  4  5  6  7  8  9 10 11 12 13 14 15 16 17 18 19 20 |
---------------+-------------------------------------------------------------+-----
Short Blades   | 1 2 3 4 5 6 7 8 9 10 11 12 13 | 13.2
Axes           | 1 2 3 4 5 6 7 8 9 10 11 12 13 | 13.2
Maces & Flails | 1 2 3 4 5 6 7 8 9 10 11 12 13 | 13.2
Polearms       | 1 2 3 4 5 6 7 8 9 10 11 12 13 | 13.2
Staves         | 1 2 3 4 5 6 7 8 9 10 11 12 13 | 13.2
Slings         | 1 2 3 4 5 6 7 8 9 10 11 12 13 | 13.2
Bows           | 1 2 3 4 5 6 7 8 9 10 11 12 13 | 13.2
Crossbows      | 1 2 3 4 5 6 7 8 9 10 11 12 13 | 13.2
Throwing       | 1 2 3 4 5 6 7 8 9 10 11 12 13 | 13.2
Dodging        | 1 2 3 4 5 6 7 8 9 10 11 12 13 | 13.2
Stealth        | 1 2 3 4 5 6 7 8 9 10 11 12 13 | 13.2
Unarmed Combat | 1 2 3 4 5 6 7 8 9 10 11 12 13 | 13.2
Spellcasting   | 1 2 3 4 5 6 7 8 9 10 11 12 13 | 13.2
Conjurations   | 1 2 3 4 5 6 7 8 9 10 11 | 11.3
Hexes          | 1 2 3 4 5 6 7 8 9 10 11 | 11.3
Charms         | 1 2 3 4 5 6 7 8 9 10 11 | 11.3
Summonings     | 1 2 3 4 5 6 7 8 9 10 11 | 11.3
Necromancy     | 1 2 3 4 5 6 7 8 9 10 11 | 11.3
Translocations | 1 2 3 4 5 6 7 8 9 10 11 | 11.3
Transmutations | 1 2 3 4 5 6 7 8 9 10 11 | 11.3
Fire Magic     | 1 2 3 4 5 6 7 8 9 10 11 | 11.3
Ice Magic      | 1 2 3 4 5 6 7 8 9 10 11 | 11.3
Air Magic      | 1 2 3 4 5 6 7 8 9 10 11 | 11.3
Earth Magic    | 1 2 3 4 5 6 7 8 9 10 11 | 11.3
Poison Magic   | 1 2 3 4 5 6 7 8 9 10 11 | 11.3
Invocations    | 1 2 3 4 5 6 7 8 9 10 11 12 13 14 | 14.2
Evocations     | 1 2 3 4 5 6 7 8 9 10 11 12 13 | 13.2
Long Blades    | 5 6 7 8 9 10 11 12 13 | 13.8
Fighting       | 7 8 9 10 11 12 13 14 | 14.4
Armour         | 7 8 9 10 11 12 13 14 | 14.4
Shields        | 7 8 9 10 11 12 13 14 | 14.4

Action                   |  1- 3 |  4- 6 |  7- 9 | 10-12 | 13-15 | 16-18 | 19-21 || total
-------------------------+-------+-------+-------+-------+-------+-------+-------++-------
Melee: Long sword        |    72 |   142 |   484 |   699 |  1544 |  1437 |   729 ||  5107
       Bite              |     7 |    24 |    77 |   193 |   318 |   311 |   182 ||  1112
       Scimitar          |       |       |       |   144 |    29 |    11 |       ||   184
 Fire: Blowgun           |       |       |       |       |     4 |       |       ||     4
Throw: Stone             |     3 |     1 |       |     3 |     1 |       |       ||     8
       Javelin           |       |       |       |       |       |    20 |       ||    20
       Throwing net      |       |       |       |       |       |     5 |       ||     5
 Cast: Passwall          |       |       |       |       |     2 |       |       ||     2
       Stone Arrow       |       |       |       |       |       |    10 |       ||    10
       Gell's Gravitas   |       |       |       |       |       |    33 |    51 ||    84
       Cause Fear        |       |       |       |       |       |     4 |       ||     4
       Static Discharge  |       |       |       |       |       |     3 |       ||     3
       Confuse           |       |       |       |       |       |     2 |       ||     2
       Lesser Beckoning  |       |       |       |       |       |    24 |    17 ||    41
       Blink             |       |       |       |       |       |     5 |       ||     5
       Lee's Rapid Decon |       |       |       |       |       |       |    10 ||    10
Invok: Divine Protection |       |       |     1 |     2 |       |     2 |     3 ||     8
       Heal Other        |       |       |     5 |     2 |    56 |    33 |     8 ||   104
       Lesser Healing    |       |       |     1 |       |       |     2 |     1 ||     4
       Purification      |       |       |       |     3 |     3 |    12 |       ||    18
       Greater Healing   |       |       |       |     2 |       |     4 |     1 ||     7
       Divine Vigour     |       |       |       |       |       |     1 |       ||     1
 Abil: Evoke Berserk Rag |       |       |       |       |     3 |     4 |       ||     7
Evoke: Wand              |       |       |     2 |     1 |     4 |     7 |     1 ||    15
       Lightning rod     |       |       |       |       |     1 |     3 |       ||     4
  Use: Potion            |     1 |       |     2 |     2 |     1 |     2 |       ||     8
       Scroll            |       |     2 |    11 |    11 |     7 |    10 |     1 ||    42
 Stab: Sleeping          |       |       |     6 |     2 |     7 |    14 |    12 ||    41
       Distracted        |       |       |       |       |     5 |     8 |     4 ||    17
       Petrified         |       |       |       |       |     4 |       |       ||     4
  Eat: Chunk             |       |     4 |    22 |    26 |    65 |    50 |    21 ||   188
       Ration            |       |       |       |     2 |     3 |    10 |     2 ||    17
Armor: Scale mail        |    29 |    14 |       |       |       |       |       ||    43
       Ring mail         |       |    25 |   125 |       |       |       |       ||   150
       Chain mail        |       |       |    22 |   407 |   510 |   593 |   188 ||  1720
Dodge: Dodged            |    24 |    44 |   155 |   283 |   700 |   900 |   358 ||  2464
Block: Shield            |    51 |    68 |   217 |   502 |   165 |       |       ||  1003
       Buckler           |       |       |       |       |   559 |   612 |   241 ||  1412
       Rpst.: Long sword |     6 |    14 |    42 |    52 |   183 |   196 |    71 ||   564
       Scimitar          |       |       |       |    22 |     2 |       |       ||    24
